 Dungeon Crawl Stone Soup version 0.31-a0-369-g8eba5f6939 (webtiles) character file.

Game seed: 11162632833752996800

251 kae the Ruffian (level 6, 0/54 HPs)
             Began as a Naga Shapeshifter on July 28, 2023.
             Was an Initiate of Cheibriados.
             Slain by a gnoll
             ... wielding a +0 spear
             ... led by a gnoll bouda
              (4 damage)
             ... on level 4 of the Dungeon.
             The game lasted 00:03:01 (2363 turns).

kae the Ruffian (Naga Shapeshifter)                 Turns: 2363, Time: 00:03:01

Health: 0/54       AC:  4    Str: 18    XL:     6   Next: 13%
Magic:  6/6        EV: 15    Int: 10    God:    Cheibriados [......]
Gold:   215        SH:  0    Dex: 14    Spells: 5/5 levels left

rFire   . .          .
                       - Unarmed
rCold   . . .        (no shield)
rNeg    . . .        a - +1 animal skin
rPois   +            (helmet currently unavailable)
rElec   .            (cloak currently unavailable)
rCorr   .            (gloves currently unavailable)
SInv    +            (no barding)
Will    .....        (no amulet)
Stlth   +            E - +5 ring of evasion
HPRegen 0.29/turn    (no ring)
MPRegen 0.10/turn

%: no passive effects
@: mighty, beast-form, weakened, very slow
A: beast (slay +2), AC +2, large, see invisible, deformed body, poison
resistance, slowness 2, spit poison 1, naga tail 1
a: Spit Poison, Begin Untransformation, Renounce Religion


You were on level 4 of the Dungeon.
You worshipped Cheibriados.
Cheibriados was noncommittal.
You were a hulking beast.
You visited 2 branches of the dungeon, and saw 5 of its levels.

You collected 215 gold pieces.


Innate Abilities, Weirdness & Mutations

You are a hulking beast.
Your limbs bulge with bestial killing power. (Slay +2)
Your serpentine skin is tough. (AC +2)
You have supernaturally acute eyesight. (SInv)
Armour fits poorly on your strangely shaped body.
Your system is resistant to poisons. (rPois)
You cover ground very slowly.
You can spit poison.
You have a snake-like lower body.


   Skills:
 + Level 2.3 Fighting
 + Level 2.4 Dodging
 * Level 4.5 Unarmed Combat
 + Level 0.3 Invocations
 * Level 4.1 Shapeshifting


You had 5 spell levels left.
You didn't know any spells.
Your spell library contained the following spells:

 Spells                   Type           Power      Damage    Failure   Level
 Summon Small Mammal      Summ           0%         N/A       36%         1
 Dazzling Flash           Conj/Hex       0%         N/A       75%         3
 Hailstorm                Conj/Ice       0%         3d3       75%         3
 Volatile Blastmotes      Fire/Tloc      0%         2d10      75%         3
 Fulminant Prism          Conj/Hex       0%         3d5       98%         4
 Iskenderun's Mystic Bla  Conj/Tloc      0%         2d3       98%         4
 Summon Ice Beast         Ice/Summ       0%         N/A       98%         4
 Agony                    Necr           0%         N/A       100%        5
 Silence                  Hex/Air        0%         N/A       100%        5
 Simulacrum               Ice/Necr       0%         N/A       100%        6
 Starburst                Conj/Fire      0%         6d3       100%        6
 Maxwell's Capacitive Co  Air            0%         ∞         100%        8

Inventory:

Missiles
 g - 3 throwing nets {=f!f}
 i - 3 poisoned darts
 k - 37 stones
Armour
 a - a +1 animal skin (worn)
Jewellery
 E - a +5 ring of evasion (left hand)
   (You found it on level 2 of the Dungeon)
 W - a ring of magical power
   (You found it on level 1 of the Dungeon)
Talismans
 c - a beast talisman
Scrolls
 j - a scroll of immolation {!r!r}
 n - 2 scrolls of amnesia
Potions
 b - a potion of lignification {!q}
 d - 2 potions of degeneration {!q}
 e - 2 potions of haste {unknown}
 h - a potion of curing {@q1}
 l - a potion of heal wounds {unknown}
 o - a potion of mutation {unknown}
 p - a potion of cancellation {unknown}
 q - a potion of attraction {unknown}

Dungeon Overview and Level Annotations

Branches:
Dungeon (4/15) Zot: 31649  Temple (1/1) D:4 Zot: 8791

Altars:
Cheibriados
Dithmenos
Fedhas
Gozag
Hepliaklqana
Kikubaaqudgha
Makhleb
Nemelex Xobeh
Okawaru
Qazlal
Ru
Sif Muna
Trog
Vehumet
Wu Jian
Yredelemnul
Zin
The Shining One

Shops:
D:1 ?

Annotations:
D:4 Eustachio

##...###..........#........
#....# #.........##........
#...#####..................
###....##....................
#)..#...#....................
##..##.......................
##...#........gg.......##.....
##...###.......g####.###..
##..#####.>..#.h.###........
#....###.#..##..h##........#
#..........##..........##.####..
#..........................#....
####..###.##.........##>........
##.# ####.............#......
### #..............## ..g..
###.............##..g..
#...##.....#...g.....


You could see a black bear and 3 gnolls.


Message History

The throwing net closely misses you. The endoplasm hits you.
You see here a throwing net {=f!f}. 😕 HP[-2]
You take 2 damage, and now have 43/45 hp.
Unknown command.
g - 3 throwing nets {=f!f} (gained 1)
The endoplasm freezes you.
You are frozen. 😕 HP[-4]
You take 4 damage, and now have 39/45 hp.
Unknown command.
Your surroundings suddenly seem different.
A gnoll bouda comes into view. It is wielding a +2 whip of venom.
The gnoll bouda shouts!
You hear a shout!
The gnoll bouda barks out a call to the hunt!
A gnoll comes into view.
It is wielding a +0 spear. 😕 HP[+1] Unknown command.
Unknown command.
The gnoll bouda gazes fiercely through you!
You feel your attacks grow feeble.
You hear a shout! 😕 HP[+1]
A gnoll comes into view. It is wielding a +0 mace.
Unknown command.
The gnoll bouda gazes fiercely through you!
You feel as though you will be weak longer.
The gnoll bouda gazes fiercely through you!
You feel as though you will be weak longer. 😕 HP[+1]
Okay, then.
Okay, then.
You feel very mighty all of a sudden.
The gnoll shouts!
You hit the gnoll bouda.
A gnoll comes into view. It is wielding a +0 spear.
The gnoll bouda closely misses you.
The gnoll shouts!
You hit the gnoll bouda. The black bear bites you!
The black bear claws you but does no damage.
The black bear barely misses you.
The gnoll bouda gazes fiercely through you!
You feel as though you will be weak longer.
The gnoll hits you from afar with a +0 spear. 😕 HP[-8]
You take 8 damage, and now have 34/45 hp.
You barely miss the gnoll bouda.
The gnoll is no longer moving quickly.
The black bear bites you. The black bear claws you.
The black bear claws you but does no damage.
The gnoll bouda closely misses you.
The gnoll completely misses you. 😮 HP[-4]
You take 4 damage, and now have 30/45 hp.
Unknown command.
You punch the gnoll bouda! The black bear bites you.
The black bear claws you but does no damage.
The black bear claws you.
The gnoll bouda prays to its god.
The gnoll bouda is healed somewhat.
The gnoll hits you from afar with a +0 spear.
* * * LOW HITPOINT WARNING * * *
The gnoll closely misses you. 😨 HP[-10]
You take 10 damage, and now have 20/45 hp.
MASSIVE DAMAGE!! (PAUSE)
You punch the gnoll bouda!
You kill the gnoll bouda!
Cheibriados appreciates the change of pace.
The black bear bites you!
* * * LOW HITPOINT WARNING * * *
The black bear barely misses you. The black bear misses you.
The gnoll misses you. The gnoll completely misses you.
The gnoll hits you with a +0 mace.
* * * LOW HITPOINT WARNING * * *
You have reached level 6!
Your skin feels tougher. 😱 HP[-10] MP[+1]
You now have 54 max hp (+9).
You take 10 damage, and now have 10/54 hp.
Your mp is fully restored (6).
Unknown command.
The gnoll is no longer moving quickly. x2; The black bear bites you.
* * * LOW HITPOINT WARNING * * *
The black bear barely misses you. The black bear misses you.
The gnoll completely misses you. The gnoll misses you. x2
The black bear bites you.
* * * LOW HITPOINT WARNING * * *
The black bear claws you but does no damage. x2
The gnoll misses you.
Things that are here:
a +2 whip of venom; a +0 robe; 😱 HP[-1]
You take 1 damage, and now have 9/54 hp.
Unknown command.
You punch the black bear! The gnoll barely misses you. The gnoll misses you.
The black bear bites you.
* * * LOW HITPOINT WARNING * * *
The black bear barely misses you.
The black bear claws you but does no damage.
The gnoll hits you from afar with a +0 spear.
You die...

Skill      XL: |  1  2  3  4  5 |
---------------+----------------+-----
Dodging        | 2 |  2.4
Unarmed Combat | 4 |  4.5
Fighting       | 2 |  2.3
Shapeshifting  | 4 |  4.1
Invocations    | |  0.3

Action                     |  1- 3 |  4- 6 || total
---------------------------+-------+-------++-------
  Melee: Unarmed           |    59 |    69 ||   128
         Punch             |       |     2 ||     2
Ability: Spit Poison       |    24 |    17 ||    41
    Use: Scroll            |     6 |     4 ||    10
         Potion            |       |     1 ||     1
 Armour: Animal skin       |    19 |     9 ||    28
  Dodge: Dodged            |    34 |    77 ||   111

Levels and vault maps discovered:
D:1:      nzn_arrival_depleted_hourglass, layout_rooms,
          hellmonk_ecumenical_altar_lost_god, serial_shops, shop,
          minmay_misc_feat_encased, hangedman_decor_points,
          hangedman_decor_diamond_cutter
D:2:      layout_loops_cross
D:3:      layout_rooms, grunt_temple_overflow_magic_moments, grunt_ministairs_6,
          uniq_jessica
D:4:      layout_cave_pools, minmay_temple_entry_large_hall, minivault_26,
          uniq_eustachio, uniq_duvessa
Temple:   regret_index_temple_waves

Notes
Turn   | Place    | Note
-------+----------+-------------------------------------------
     0 | D:1      | kae the Naga Shapeshifter began the quest for the Orb.
     0 | D:1      | Reached XP level 1. HP: 18/18 MP: 1/1
     0 | D:1      | magus.rc [v1.11.3]
   140 | D:1      | Reached XP level 2. HP: 20/25 MP: 2/2
   162 | D:1      | Found Ymamal's Magic Scroll Emporium.
   383 | D:1      | Reached XP level 3. HP: 31/31 MP: 3/3
   413 | D:1      | Found a faded altar of an unknown god.
   693 | D:2      | You pick up a book of Spectacle and begin reading...
   693 | D:2      | You add the spells Volatile Blastmotes, Dazzling Flash,
                  | Starburst and Maxwell's Capacitive Coupling to your
                  | library.
  1285 | D:3      | Noticed Jessica
  1293 | D:3      | Killed Jessica
  1294 | D:3      | Reached skill level 2 in Dodging
  1294 | D:3      | Reached XP level 4. HP: 20/39 MP: 4/4
  1448 | D:3      | You pick up a book of the Tundra and begin reading...
  1448 | D:3      | You add the spells Hailstorm, Summon Ice Beast and
                  | Simulacrum to your library.
  1552 | D:3      | Found an ancient bone altar of Kikubaaqudgha.
  1585 | D:3      | Found a shimmering blue altar of Sif Muna.
  1587 | D:3      | Found a radiant altar of Vehumet.
  1592 | D:3      | Got Sif Muna's Information on the Flock
  1854 | D:4      | You pick up a book of the Senses and begin reading...
  1854 | D:4      | You add the spells Agony and Silence to your library.
  1869 | D:4      | Reached skill level 4 in Unarmed Combat
  1883 | D:4      | Reached XP level 5. HP: 45/45 MP: 5/5
  1914 | D:4      | Noticed Eustachio
  1921 | D:4      | You pick up a book of Blasting and begin reading...
  1921 | D:4      | You add the spells Fulminant Prism and Iskenderun's Mystic
                  | Blast to your library.
  1940 | D:4      | Reached skill level 2 in Fighting
  1989 | D:4      | Found a staircase to the Ecumenical Temple.
  2015 | D:4      | Noticed a phantom
  2032 | D:4      | Killed a phantom
  2033 | D:4      | Reached skill level 4 in Shapeshifting
  2064 | Temple   | Entered the Ecumenical Temple
  2130 | Temple   | Became a worshipper of Cheibriados the Contemplative
  2343 | D:4      | Noticed a black bear
  2361 | D:4      | HP: 9/45 [gnoll/+0 mace[a gnoll bouda] (5)]
  2362 | D:4      | Reached XP level 6. HP: 10/54 MP: 6/6
  2363 | D:4      | HP: 4/54 [black bear (5)]
  2363 | D:4      | Slain by a gnoll

Vanquished Creatures
  A phantom (D:4)
  A gnoll bouda (D:4)
  Jessica (D:3)
  A gnoll (D:1)
  5 adders
  2 worms
  A dart slug (D:3)
  4 ball pythons
  7 bats
  4 endoplasms
  2 giant cockroaches (D:1)
  7 goblins
  6 hobgoblins
  3 jackals (D:4)
  2 kobolds
  4 quokkas
  2 frilled lizards
  7 rats
60 creatures vanquished.

Table legend:
 A = Non-vault XP
 B = Vault XP
 C = Vault XP percentage of total XP
 D = Non-vault monster count
 E = Vault monster count
 F = Vault count percentage of total count
                 A         B        C        D         E       F
            +---------+---------+-------+---------+---------+-------
      Total |     319 |      40 |  11.1 |      57 |       3 |   5.0
            +---------+---------+-------+---------+---------+-------
        D:1 |      40 |       0 |   0.0 |      16 |       0 |   0.0
        D:2 |      23 |       0 |   0.0 |      12 |       0 |   0.0
        D:3 |      47 |      40 |  46.0 |      14 |       3 |  17.6
        D:4 |     209 |       0 |   0.0 |      15 |       0 |   0.0
            +---------+---------+-------+---------+---------+-------

Skill      XL: |  1  2  3  4  5 |
---------------+----------------+-----
Dodging        | 2 |  2.4
Unarmed Combat | 4 |  4.5
Fighting       | 2 |  2.3
Shapeshifting  | 4 |  4.1
Invocations    | |  0.3

Action                     |  1- 3 |  4- 6 || total
---------------------------+-------+-------++-------
  Melee: Unarmed           |    59 |    69 ||   128
         Punch             |       |     2 ||     2
Ability: Spit Poison       |    24 |    17 ||    41
    Use: Scroll            |     6 |     4 ||    10
         Potion            |       |     1 ||     1
 Armour: Animal skin       |    19 |     9 ||    28
  Dodge: Dodged            |    34 |    77 ||   111

Illustrated notes

Table legend:
 A = Kills in this place as a percentage of kills in the entire game.
 B = Kills by you in this place as a percentage of kills by you in the entire game.
 C = Kills by friends in this place as a percentage of kills by friends in the entire game.
 D = Other kills in this place as a percentage of other kills in the entire game.
 E = Experience gained in this place as a percentage of experience gained in the entire game.
 F = Experience gained in this place divided by the number of levels of this place that you have seen.
                   A       B       C       D       E      F
               +-------+-------+-------+-------+-------+----------------------
         Total | 100.0 | 100.0 |   N/A |   N/A | 100.0 |  71.8
       Dungeon | 100.0 | 100.0 |   N/A |   N/A | 100.0 |  89.8
               +-------+-------+-------+-------+-------+----------------------

Table legend: (Time is in decaauts)
 A = Elapsed time spent in this place.
 B = Non-inter-level travel time spent in this place.
 C = Inter-level travel time spent in this place.
 D = Time resting spent in this place.
 E = Time spent auto-exploring this place.
 F = Levels seen in this place.
 G = Mean time per level.
                   A        B        C        D        E       F      G
               +--------+--------+--------+--------+--------+-----+--------+
         Total |   3169 |   2896 |    273 |      0 |   2408 |   5 |  633.8 |
       Dungeon |   3002 |   2876 |    126 |      0 |   2389 |   4 |  750.5 |
        Temple |    166 |     20 |    146 |      0 |     19 |   1 |  166.0 |
               +--------+--------+--------+--------+--------+-----+--------+

Top non-repeatable levels by time:
     D:1: 838 daAuts
     D:2: 813 daAuts
     D:3: 756 daAuts
     D:4: 593 daAuts
  Temple: 166 daAuts
